Workbook

Sheet 取引明細
A1: 日付 | B1: 現場名 | C1: 支払先 | D1: 科目 | E1: 金額（税抜） | F1: 摘要

Sheet 現場別台帳
A1: 現場名 | B1: 材料費 | C1: 外注費 | D1: 経費 | E1: 合計（税抜）
B2: =IF($A2="","",SUMIFS('取引明細'!$E:$E,'取引明細'!$B:$B,$A2,'取引明細'!$D:$D,"材料費")) | C2: =IF($A2="","",SUMIFS('取引明細'!$E:$E,'取引明細'!$B:$B,$A2,'取引明細'!$D:$D,"外注費")) | D2: =IF($A2="","",SUMIFS('取引明細'!$E:$E,'取引明細'!$B:$B,$A2,'取引明細'!$D:$D,"経費")) | E2: =IF($A2="","",SUM($B2:$D2))
B3: =IF($A3="","",SUMIFS('取引明細'!$E:$E,'取引明細'!$B:$B,$A3,'取引明細'!$D:$D,"材料費")) | C3: =IF($A3="","",SUMIFS('取引明細'!$E:$E,'取引明細'!$B:$B,$A3,'取引明細'!$D:$D,"外注費")) | D3: =IF($A3="","",SUMIFS('取引明細'!$E:$E,'取引明細'!$B:$B,$A3,'取引明細'!$D:$D,"経費")) | E3: =IF($A3="","",SUM($B3:$D3))
B4: =IF($A4="","",SUMIFS('取引明細'!$E:$E,'取引明細'!$B:$B,$A4,'取引明細'!$D:$D,"材料費")) | C4: =IF($A4="","",SUMIFS('取引明細'!$E:$E,'取引明細'!$B:$B,$A4,'取引明細'!$D:$D,"外注費")) | D4: =IF($A4="","",SUMIFS('取引明細'!$E:$E,'取引明細'!$B:$B,$A4,'取引明細'!$D:$D,"経費")) | E4: =IF($A4="","",SUM($B4:$D4))
B5: =IF($A5="","",SUMIFS('取引明細'!$E:$E,'取引明細'!$B:$B,$A5,'取引明細'!$D:$D,"材料費")) | C5: =IF($A5="","",SUMIFS('取引明細'!$E:$E,'取引明細'!$B:$B,$A5,'取引明細'!$D:$D,"外注費")) | D5: =IF($A5="","",SUMIFS('取引明細'!$E:$E,'取引明細'!$B:$B,$A5,'取引明細'!$D:$D,"経費")) | E5: =IF($A5="","",SUM($B5:$D5))
B6: =IF($A6="","",SUMIFS('取引明細'!$E:$E,'取引明細'!$B:$B,$A6,'取引明細'!$D:$D,"材料費")) | C6: =IF($A6="","",SUMIFS('取引明細'!$E:$E,'取引明細'!$B:$B,$A6,'取引明細'!$D:$D,"外注費")) | D6: =IF($A6="","",SUMIFS('取引明細'!$E:$E,'取引明細'!$B:$B,$A6,'取引明細'!$D:$D,"経費")) | E6: =IF($A6="","",SUM($B6:$D6))
B7: =IF($A7="","",SUMIFS('取引明細'!$E:$E,'取引明細'!$B:$B,$A7,'取引明細'!$D:$D,"材料費")) | C7: =IF($A7="","",SUMIFS('取引明細'!$E:$E,'取引明細'!$B:$B,$A7,'取引明細'!$D:$D,"外注費")) | D7: =IF($A7="","",SUMIFS('取引明細'!$E:$E,'取引明細'!$B:$B,$A7,'取引明細'!$D:$D,"経費")) | E7: =IF($A7="","",SUM($B7:$D7))
B8: =IF($A8="","",SUMIFS('取引明細'!$E:$E,'取引明細'!$B:$B,$A8,'取引明細'!$D:$D,"材料費")) | C8: =IF($A8="","",SUMIFS('取引明細'!$E:$E,'取引明細'!$B:$B,$A8,'取引明細'!$D:$D,"外注費")) | D8: =IF($A8="","",SUMIFS('取引明細'!$E:$E,'取引明細'!$B:$B,$A8,'取引明細'!$D:$D,"経費")) | E8: =IF($A8="","",SUM($B8:$D8))
B9: =IF($A9="","",SUMIFS('取引明細'!$E:$E,'取引明細'!$B:$B,$A9,'取引明細'!$D:$D,"材料費")) | C9: =IF($A9="","",SUMIFS('取引明細'!$E:$E,'取引明細'!$B:$B,$A9,'取引明細'!$D:$D,"外注費")) | D9: =IF($A9="","",SUMIFS('取引明細'!$E:$E,'取引明細'!$B:$B,$A9,'取引明細'!$D:$D,"経費")) | E9: =IF($A9="","",SUM($B9:$D9))
B10: =IF($A10="","",SUMIFS('取引明細'!$E:$E,'取引明細'!$B:$B,$A10,'取引明細'!$D:$D,"材料費")) | C10: =IF($A10="","",SUMIFS('取引明細'!$E:$E,'取引明細'!$B:$B,$A10,'取引明細'!$D:$D,"外注費")) | D10: =IF($A10="","",SUMIFS('取引明細'!$E:$E,'取引明細'!$B:$B,$A10,'取引明細'!$D:$D,"経費")) | E10: =IF($A10="","",SUM($B10:$D10))
B11: =IF($A11="","",SUMIFS('取引明細'!$E:$E,'取引明細'!$B:$B,$A11,'取引明細'!$D:$D,"材料費")) | C11: =IF($A11="","",SUMIFS('取引明細'!$E:$E,'取引明細'!$B:$B,$A11,'取引明細'!$D:$D,"外注費")) | D11: =IF($A11="","",SUMIFS('取引明細'!$E:$E,'取引明細'!$B:$B,$A11,'取引明細'!$D:$D,"経費")) | E11: =IF($A11="","",SUM($B11:$D11))

Sheet 全体集計
A1: 項目 | B1: 金額（税抜）
A2: 材料費 | B2: =SUMIF('取引明細'!$D:$D,"材料費",'取引明細'!$E:$E) -> 0
A3: 外注費 | B3: =SUMIF('取引明細'!$D:$D,"外注費",'取引明細'!$E:$E) -> 0
A4: 経費 | B4: =SUMIF('取引明細'!$D:$D,"経費",'取引明細'!$E:$E) -> 0
A5: 合計 | B5: =SUM($B2:$B4) -> 0
A7: 入っている行数 | B7: =COUNTA('取引明細'!$A$2:$A1000) -> 0
A8: 現場の数 | B8: =COUNTA('現場別台帳'!$A$2:$A1000) -> 0
A9: 科目が空の行（要確認） | B9: =COUNTIFS('取引明細'!$A$2:$A1000,"<>",'取引明細'!$D$2:$D1000,"") -> 0

Sheet 使い方
A1: 工事台帳のひな形（現場ごとの原価が出る） 使い方
A3: やることは「取引明細」に負けを書き辽んでいくことだけです。
A4: 残りの2つのシートは、計算式が入っているので触らなくていいです。
A6: 【STEP 1】「現場別台帳」の A 列に、今動いている現場の名前を書く（最大10現場）
A7: 例：○○様邸 新築工事 ・ △△様邸 外壁塗装
A9: 【STEP 2】「取引明細」に、請求書の中身を1行1件で書く
A10: 日付 … 請求書の日付（2026-10-03 の形）
A11: 現場名 … STEP 1 で書いた名前と、1文字も変えずに同じにする
A12: 支払先 … 請求を出してきた会社の名前
A13: 科目 … 「材料費」「外注費」「経費」の3つのどれか
A14: 材料費 = 建材・設備・木材など「モノ」の仕入れ
A15: 外注費 = 電気・設備・左官・塗装・基礎など「職人の工事」
... A28: 配布元：kensetsu-system.com
